 Dungeon Crawl Stone Soup version 0.21-a0-440-g28109cb (webtiles) character file.

1327 dududu the Conjurer (level 8, -13/49 HPs)
             Began as a Tengu Conjurer on Nov 10, 2017.
             Was a High Priest of Jiyva.
             Killed from afar by Slowdrip's ghost (28 damage)
             ... with a fireball
             ... on level 8 of the Dungeon.
             The game lasted 00:43:53 (7813 turns).

dududu the Conjurer (Tengu Conjurer)                Turns: 7813, Time: 00:43:54

Health: -13/49     AC:  5    Str: 12    XL:     8   Next: 60%
Magic:  7/14       EV: 15    Int: 17    God:    Jiyva [*****.]
Gold:   246        SH:  5    Dex: 16    Spells: 4/14 levels left

rFire    . . .     SeeInvis .   k - +1 whip (flame)
rCold    . . .     Gourm    +   z - +0 buckler (curse)
rNeg     . . .     Faith    .   D - +0 leather armour (curse)
rPois    +         Spirit   .   (helmet restricted)
rElec    .         Reflect  .   (no cloak)
rCorr    +         Harm     .   h - +0 pair of gloves
MR       .....                  (boots unavailable)
Stlth    ++........             s - amulet of Qazlal's Favour {Gourm rPois Str+4}
HPRegen  0.16/turn              (no ring)
MPRegen  0.14/turn              (no ring)

@: no status effects
A: beak, claws 1, talons 3, eyeballs 1, gelatinous body 1, able to fly 1
a: Fly, Request Jelly, Slimify, Cure Bad Mutation, Renounce Religion


You were on level 8 of the Dungeon.
You worshipped Jiyva.
Jiyva was extremely pleased with you.
You were full.

You visited 1 branch of the dungeon, and saw 8 of its levels.

You collected 246 gold pieces.

Inventory:

Hand Weapons
 d - a +0 dagger
 k - a +1 whip of flaming (weapon)
 q - a +0 quarterstaff
Missiles
 e - 143 stones (quivered)
 j - 4 tomahawks
 o - 30 poisoned needles
Armour
 a - a +0 robe
 h - a +0 pair of gloves (worn)
 z - a cursed +0 buckler (worn)
 D - a cursed +0 leather armour (worn)
Jewellery
 f - a +3 ring of strength {unknown}
 s - the amulet of Qazlal's Favour (around neck) {Gourm rPois Str+4}
   (You found it on level 6 of the Dungeon)

   [amulet of the gourmand]

   It allows you to eat raw meat even when not hungry.
   It affects your strength (+4).
   It protects you from poison.
 w - an uncursed ring of resist corrosion {unknown}
Wands
 H - a wand of flame (20/48)
Scrolls
 l - a scroll of enchant weapon {unknown}
 r - a scroll of teleportation {unknown}
 t - a scroll of remove curse {unknown}
 x - a scroll of recharging {unknown}
 y - 2 scrolls of magic mapping {unknown}
 F - a scroll of amnesia {unknown}
 G - a scroll of enchant armour {unknown}
Potions
 g - 3 potions of flight
 i - 2 potions of agility
 m - a potion of heal wounds {unknown}
 n - 2 potions of brilliance
 p - 2 potions of lignification {unknown}
 u - 3 potions of curing
 v - a potion of cancellation {unknown}
 B - a potion of haste {unknown}
Books
 b - a book of Conjurations

   Spells                             Type                      Level
   a - Magic Dart                     Conjuration                  1
   b - Searing Ray                    Conjuration                  2
   c - Dazzling Spray                 Conjuration/Hexes            3
   d - Fulminant Prism                Conjuration/Hexes            4
   e - Force Lance                    Conjuration/Translocation    4
   f - Iskenderun's Mystic Blast      Conjuration                  4
 C - Sif Muna's Incunabulum of Flames
   (You found it on level 4 of the Dungeon)

   Spells                             Type                      Level
   a - Flame Tongue                   Conjuration/Fire             1
 E - a book of Maledictions

   Spells                             Type                      Level
   a - Corona                         Hexes                        1
   b - Ensorcelled Hibernation        Hexes/Ice                    2
   c - Confuse                        Hexes                        3
   d - Tukima's Dance                 Hexes                        3
   e - Dazzling Spray                 Conjuration/Hexes            3
Comestibles
 c - a bread ration
 A - 2 meat rations


   Skills:
 - Level 5.0 Fighting
 + Level 4.7 Dodging
 - Level 2.6 Stealth
 - Level 4.0 Shields
 + Level 3.6 Spellcasting
 + Level 7.8 Conjurations
 - Level 2.0 Hexes


You had 4 spell levels left.
You knew the following spells:

 Your Spells              Type           Power        Failure   Level  Hunger
a - Magic Dart            Conj           ####         1%          1    None
b - Searing Ray           Conj           ####..       1%          2    ##.....
c - Iskenderun's Mystic   Conj           ####....     9%          4    ####...
d - Dazzling Spray        Conj/Hex       ###...       9%          3    ###....


Dungeon Overview and Level Annotations

Branches:
Dungeon (8/15)             Temple (0/1) D:5
   Lair: D:8-11

Altars:
Fedhas
Sif Muna
Vehumet
Wu Jian
The Shining One
Jiyva

Annotations:
D:2 exclusions: scorpion and 2 more exclusions
D:3 Sigmund
D:8 Slowdrip's ghost, novice TeFE


Innate Abilities, Weirdness & Mutations

You have a beak for a mouth.
You have claws for feet.
You can fly.
You have sharp fingernails.
Your body has grown golden eyes which may confuse attackers. (Acc +3)
Your rubbery body absorbs attacks. (AC +1, EV +1)


Message History

Press: ? - help, v - describe, . - travel
Here: Slowdrip's ghost, wielding a weapon of flaming The floor.
You feel sick.
You feel sick.
You are no longer poisoned.
What are your orders? t - Shout!
Orders for allies: a - Attack new target. p - Attack previous target. r - Retreat! s - Stop attacking. g - Guard the area. f - Follow me.
Anything else - Cancel.
Gang up on whom?
Press: ? - help, Dir - move target cursor, f/p - Slowdrip's ghost
Aim: Slowdrip's ghost, wielding a weapon of flaming Attack!
Slowdrip's ghost points at you and mumbles some strange words.
The fireball explodes!
The fireball engulfs you!
Ouch! That really hurt!
You die...

#............###########...
#............#........ #...
#..........W.#........ #...
#######......'........ #...
#......###########...
#......#....##...#...
#......#.....#...#...
#......#.....#...#...
#...@..#.....#...#...
#.....J#.....#...#...
#......'.....#...#...
######......#...###'###...
...........##...#.......##
...........#....#.......#.
...........#....#.......#.
.........<.#....#.......#.
...........#....#.......#.


You could see Slowdrip's ghost and a neutral jelly (fellow slime).

Vanquished Creatures
  Pikel (D:7)
  A sky beast (D:8)
  A phantom (D:8)
  An ice beast (D:7)
  An ogre (D:5)
  A centaur (D:6)
  2 bullfrogs (D:6)
  A scorpion (D:7)
  2 killer bees (D:8)
  A crimson imp (D:5)
  A bullfrog zombie (D:5)
  A gnoll shaman (D:7)
  5 orc wizards
  A bullfrog skeleton (D:5)
  2 iguanas
  A worker ant zombie (D:6)
  3 gnolls (D:7)
  8 adders
  3 oozes
  An adder zombie (D:7)
  An adder skeleton (D:4)
  A leopard gecko (D:2)
  8 orcs
  13 giant cockroaches
  2 goblins (D:1)
  9 hobgoblins
  4 jackals
  4 quokkas
  A ball python (D:1)
  10 bats
  6 frilled lizards
  7 kobolds
  9 rats
113 creatures vanquished.

Vanquished Creatures (others)
  A hippogriff (D:8)
  A sky beast (D:7)
  2 slaves (D:7)
  An ogre (D:7)
  3 centaurs
  2 bullfrogs (D:7)
  A big kobold (D:6)
  A killer bee (D:8)
  9 jellies
  A centaur zombie (D:6)
  2 crimson imps
  A bullfrog skeleton (D:4)
  An orc priest (D:7)
  A hound (D:7)
  An iguana (D:6)
  3 orc wizards
  2 worker ants (D:6)
  2 gnolls (D:7)
  2 adders
  2 adder skeletons
  6 orcs
  A ball python (D:5)
  2 quokkas
  2 frilled lizards (D:4)
  5 kobolds (D:6)
  A leopard gecko zombie (D:7)
  3 plants (D:6)
59 creatures vanquished.

Grand Total: 172 creatures vanquished

Notes
Turn   | Place    | Note
-------+----------+-------------------------------------------
     0 | D:1      | dududu the Tengu Conjurer began the quest for the Orb.
     0 | D:1      | Reached XP level 1. HP: 10/10 MP: 4/4
   212 | D:1      | Reached XP level 2. HP: 16/16 MP: 0/6
   348 | D:1      | Reached skill level 1 in Fighting
   637 | D:1      | Learned a level 2 spell: Searing Ray
   689 | D:1      | Reached XP level 3. HP: 20/20 MP: 3/7
  1391 | D:2      | Noticed a scorpion
  1608 | D:2      | Reached skill level 6 in Conjurations
  1708 | D:2      | Reached XP level 4. HP: 26/26 MP: 3/9
  2216 | D:2      | Learned a level 4 spell: Iskenderun's Mystic Blast
  3013 | D:3      | Gained mutation: You can fly. [Tengu growth]
  3013 | D:3      | Reached XP level 5. HP: 30/30 MP: 4/10
  3401 | D:3      | Found a radiant altar of Vehumet.
  3779 | D:3      | Learned a level 3 spell: Dazzling Spray
  3813 | D:3      | Noticed Sigmund
  3848 | D:3      | Found a faded altar of an unknown god.
  3874 | D:3      | Became a worshipper of Jiyva Juomyept the Shapeless
  3874 | D:3      | Reached * piety under Jiyva
  3938 | D:4      | Found a deep blue altar of Sif Muna.
  4134 | D:4      | Reached XP level 6. HP: 35/36 MP: 6/11
  4136 | D:4      | Reached ** piety under Jiyva
  4147 | D:4      | Identified Sif Muna's Incunabulum of Flames
  4203 | D:4      | Found an ornate altar of the Wu Jian Council.
  4497 | D:5      | Entered Level 5 of the Dungeon
  4682 | D:5      | Found a staircase to the Ecumenical Temple.
  4756 | D:5      | Reached skill level 1 in Shields
  4756 | D:5      | Reached skill level 7 in Conjurations
  5546 | D:6      | Reached XP level 7. HP: 39/43 MP: 7/12
  5950 | D:6      | Reached *** piety under Jiyva
  6209 | D:6      | Got a translucent bone amulet
  6255 | D:6      | Found a blossoming altar of Fedhas.
  6434 | D:7      | Identified the amulet of Qazlal's Favour {Gourm rPois Str+4} (You found it on level 6 of the Dungeon)
  6434 | D:7      | Gained mutation: Your rubbery body absorbs attacks. (AC +1, EV +1) [Jiyva's grace]
  6440 | D:7      | Reached **** piety under Jiyva
  6559 | D:7      | Noticed Pikel
  6561 | D:7      | Killed Pikel
  6561 | D:7      | Reached skill level 5 in Fighting
  6561 | D:7      | Gained mutation: You have sharp fingernails. [Jiyva's grace]
  6595 | D:7      | Reached ***** piety under Jiyva
  6637 | D:7      | Found a glowing golden altar of the Shining One.
  6679 | D:7      | Reached skill level 1 in Hexes
  6679 | D:7      | Reached XP level 8. HP: 49/49 MP: 7/13
  7215 | D:7      | Gained mutation: Your body has grown golden eyes which may confuse attackers. (Acc +3) [Jiyva's grace]
  7411 | D:8      | Noticed a two-headed ogre
  7417 | D:8      | Slimified a two-headed ogre
  7417 | D:8      | Noticed a slime creature
  7417 | D:8      | a two-headed ogre changed into a slime creature
  7445 | D:8      | Killed a hippogriff
  7785 | D:8      | Noticed Slowdrip's ghost (novice TeFE)
  7813 | D:8      | Killed from afar by Slowdrip's ghost

Vault maps used:
D:1:      dpeg_arrival_tiny_d
D:3:      minmay_roachtagon, vehumet_crystals,
          chequers_ecumenical_altar_simple_redux, uniq_sigmund
D:4:      old_standard_altar, led_sif_book, first_bread
D:5:      minmay_temple_entry_junction
D:6:      fedhas_altar_3, serial_bayou_lagoon_a
D:7:      tso_metal_star, uniq_pikel
D:8:      the_bakery

Skill      XL: |  1  2  3  4  5  6  7  8 |
---------------+-------------------------+-----
Fighting       | 1 2 4 5 |  5.0
Conjurations   | 6 7 |  7.8
Spellcasting   | 3 |  3.6
Shields        | 2 4 |  4.0
Hexes          | 1 2 |  2.0
Dodging        | 4 |  4.7
Stealth        | |  2.6

Action                   |  1- 3 |  4- 6 |  7- 9 || total
-------------------------+-------+-------+-------++-------
Melee: Dagger            |     1 |    14 |     6 ||    21
       Peck              |       |     3 |     7 ||    10
       Kick              |       |     3 |     5 ||     8
       Quarterstaff      |       |     1 |       ||     1
       Whip              |       |       |    14 ||    14
Throw: Stone             |     1 |       |       ||     1
 Cast: Magic Dart        |    76 |   119 |    59 ||   254
       Searing Ray       |     1 |     8 |    11 ||    20
       Dazzling Spray    |       |     1 |     7 ||     8
Invok: Request Jelly     |       |       |     1 ||     1
       Slimify           |       |       |     1 ||     1
 Abil: Fly               |       |     1 |       ||     1
Evoke: Wand              |       |       |     2 ||     2
  Use: Scroll            |       |     1 |     6 ||     7
 Stab: Confused          |       |       |     1 ||     1
       Sleeping          |       |       |     1 ||     1
  Eat: Chunk             |     3 |     9 |     1 ||    13
       Royal jelly       |       |     1 |       ||     1
Armor: Robe              |     6 |     7 |       ||    13
       Leather armour    |       |     4 |    12 ||    16
Dodge: Dodged            |     7 |    26 |    61 ||    94
Block: Buckler           |       |     2 |    20 ||    22

Table legend:
 A = Spawn XP
 B = Non-spawn XP
 C = Spawn XP percentage of total XP
 D = Spawn monster count
 E = Non-spawn monster count
 F = Spawn count percentage of total count
 G = Total turns spent on level
                    A         B        C        D         E        F      G
               +---------+---------+-------+---------+---------+-------+---------
         Total |       0 |    1896 |   0.0 |       0 |     117 |   0.0 |  7813
               +---------+---------+-------+---------+---------+-------+---------
           D:1 |       0 |      52 |   0.0 |       0 |      28 |   0.0 |  1437
           D:2 |       0 |     101 |   0.0 |       0 |      26 |   0.0 |  1568
           D:3 |       0 |     125 |   0.0 |       0 |      18 |   0.0 |   896
           D:4 |       0 |      62 |   0.0 |       0 |       5 |   0.0 |   596
           D:5 |       0 |     223 |   0.0 |       0 |      10 |   0.0 |  1292
           D:6 |       0 |     402 |   0.0 |       0 |      11 |   0.0 |   632
           D:7 |       0 |     514 |   0.0 |       0 |      13 |   0.0 |   928
           D:8 |       0 |     417 |   0.0 |       0 |       6 |   0.0 |   464
               +---------+---------+-------+---------+---------+-------+---------
